 Dungeon Crawl Stone Soup version 0.29.1-2-gbd0b4ee654 (webtiles) character file.

Game seed: 5584492465540734655

516 GorkyZ the Trooper (level 7, -4/44 HPs)
             Began as a Gargoyle Fighter on Nov 23, 2022.
             Was an Initiate of Gozag.
             Slain by an ice beast (9 damage)
             ... on level 5 of the Dungeon.
             The game lasted 00:09:02 (3826 turns).

GorkyZ the Trooper (Gargoyle Fighter)               Turns: 3826, Time: 00:09:04

Health: -4/44      AC: 19    Str: 22    XL:     7   Next: 20%
Magic:  7/7        EV:  6    Int:  8    God:    Gozag
Gold:   199        SH:  4    Dex:  9    Spells: 6/6 levels left

rFire   . . .      SeeInvis .   a - +1 war axe
rCold   . . .      Faith    .   c - +0 buckler
rNeg    + . .      Spirit   .   k - +1 plate armour
rPois   ∞          Reflect  .   (no helmet)
rElec   +          Harm     .   t - +0 cloak
rCorr   .          Rampage  .   (no gloves)
Will    .....                   (no boots)
Stlth   ..........              (no amulet)
HPRegen 0.14/turn               (no ring)
MPRegen 0.10/turn               (no ring)

@: no status effects
A: sickness immunity, AC +4, negative energy resistance 1, electricity
resistance, torment resistance 1, petrification resistance
a: Renounce Religion, Potion Petition, Call Merchant, Bribe Branch


You were on level 5 of the Dungeon.
You worshipped Gozag.
Gozag was aware of your devotion.
You visited 2 branches of the dungeon, and saw 6 of its levels.

You collected 293 gold pieces.
You paid 94 gold pieces to Gozag.

Inventory:

Hand Weapons
 a - a +1 war axe (weapon)
Armour
 b - a +0 scale mail
 c - a +0 buckler (worn)
 k - a +1 plate armour (worn)
 t - a +0 cloak (worn)
 A - +0 steam dragon scales
Jewellery
 e - a ring of protection from cold
 o - a ring of magical power
 w - a +4 ring of evasion
Wands
 l - a wand of iceblast (8)
Scrolls
 f - a scroll of enchant weapon
 j - 3 scrolls of fog {unknown}
 p - a scroll of poison
 q - a scroll of teleportation
 s - a scroll of amnesia
 u - a scroll of identify
 v - a scroll of blinking
 x - 3 scrolls of torment {unknown}
Potions
 d - a potion of might
 g - a potion of invisibility
 h - a potion of mutation
 i - 2 potions of curing {unknown}
 m - a potion of ambrosia {unknown}
 n - 3 potions of brilliance {unknown}
 r - a potion of lignification {unknown}


   Skills:
 + Level 4.4 Fighting
 + Level 2.9 Axes
 + Level 2.4 Throwing
 + Level 4.4 Armour
 + Level 2.1 Dodging
 + Level 4.4 Shields
 + Level 2.1 Evocations


You had 6 spell levels left.
You didn't know any spells.
Your spell library contained the following spells:

 Spells                   Type           Power      Damage    Failure   Level
 Freeze                   Ice            0%         1d3       100%        1
 Poisonous Vapours        Pois/Air       0%         N/A       100%        2
 Dazzling Flash           Conj/Hex       0%         N/A       100%        3
 Frozen Ramparts          Ice            0%         1d1       100%        3
 Hailstorm                Conj/Ice       0%         3d3       100%        4
 Iskenderun's Mystic Bla  Conj/Tloc      0%         2d3       100%        4
 Summon Mana Viper        Hex/Summ       0%         N/A       100%        5
 Starburst                Conj/Fire      0%         6d3       100%        6
 Haunt                    Necr/Summ      0%         N/A       100%        7
 Summon Horrible Things   Summ           0%         N/A       100%        8
 Corpse Rot               Necr/Pois/Air  Unusable   N/A       N/A         4

Dungeon Overview and Level Annotations

Branches:
Dungeon (5/15)             Temple (1/1) D:5

Altars:
Ashenzari
Cheibriados
Dithmenos
Elyvilon
Fedhas
Gozag
Kikubaaqudgha
Okawaru
Qazlal
Ru
Trog
Uskayaw
Vehumet
Yredelemnul


Innate Abilities, Weirdness & Mutations

You are immune to sickness and miasma.
Your stone body is resilient. (AC +4)
You are immune to poison.
You resist negative energy. (rN+)
You are resistant to electric shocks. (rElec)
You are resistant to unholy torment.
You are immune to petrification.


Message History

You throw a poisoned dart. The poisoned dart hits the ice beast.
You throw a poisoned dart. The poisoned dart hits the ice beast.
You completely miss the ice beast.
The ice beast hits you but does no damage.
You slash the ice beast!
The ice beast is moderately wounded.
The ice beast barely misses you.
The ice beast hits you but does no damage.
You closely miss the ice beast.
The ice beast is moderately wounded.
The ice beast hits you. The ice beast freezes you!
You slash the ice beast!
The ice beast is severely wounded.
The ice beast hits you but does no damage.
The ice beast hits you. The ice beast freezes you.
You hit the ice beast but do no damage.
The ice beast is severely wounded.
The ice beast hits you but does no damage.
You hit the ice beast.
The ice beast is almost dead.
The ice beast hits you. The ice beast freezes you!
* * * LOW HITPOINT WARNING * * *
You closely miss the ice beast.
The ice beast is almost dead.
The ice beast barely misses you.
The ice beast hits you but does no damage.
You barely miss the ice beast.
The ice beast is almost dead.
The ice beast hits you but does no damage.
You completely miss the ice beast.
The ice beast is almost dead.
The ice beast hits you but does no damage.
You block the ice beast's attack.
You hit the ice beast.
The ice beast is almost dead.
The ice beast hits you.
* * * LOW HITPOINT WARNING * * *
The ice beast freezes you!
You die...
Your body crumbles into a pile of gold.

..... #.# ....# ##.# (... #...
... ..# (. #.# ## #( #.##
....##.###..# #.>..Y....##
#####.@....# ###....###
###....######## ##..........#
..##################.........[#
.......<...........†..†.......#
####################..........#
#.......[..# #.############


You could see an ice beast.

Vanquished Creatures
  An ogre (D:5)
  A bullfrog (D:4)
  2 scorpions (D:4)
  A hound (D:5)
  A jelly (D:4)
  2 iguanas (D:4)
  6 adders
  2 worms (D:2)
  6 bats
  9 endoplasms
  4 giant cockroaches
  6 goblins
  4 hobgoblins
  3 jackals (D:1)
  7 kobolds
  4 quokkas
  9 ball pythons
  2 frilled lizards (D:1)
  6 rats
76 creatures vanquished.

Notes
Turn   | Place    | Note
-------+----------+-------------------------------------------
     0 | D:1      | GorkyZ the Gargoyle Fighter began the quest for the Orb.
     0 | D:1      | Reached XP level 1. HP: 14/14 MP: 1/1
   180 | D:1      | Reached XP level 2. HP: 19/19 MP: 2/2
   420 | D:1      | Found a faded altar of an unknown god.
   719 | D:1      | Reached XP level 3. HP: 20/23 MP: 3/3
   783 | D:1      | Reached skill level 1 in Throwing
  1500 | D:2      | Got Nutiw's Almanac of Apparitions
  1789 | D:2      | Reached skill level 1 in Dodging
  1789 | D:2      | Reached XP level 4. HP: 25/28 MP: 4/4
  1961 | D:3      | Reached skill level 1 in Evocations
  2152 | D:3      | Found a white marble altar of Elyvilon.
  2862 | D:4      | Reached XP level 5. HP: 30/33 MP: 5/5
  2907 | D:4      | Reached XP level 6. HP: 28/38 MP: 6/6
  3666 | D:5      | Entered Level 5 of the Dungeon
  3727 | D:5      | Reached XP level 7. HP: 43/44 MP: 7/7
  3729 | D:5      | Found a staircase to the Ecumenical Temple.
  3746 | Temple   | Entered the Ecumenical Temple
  3750 | Temple   | Became a worshipper of Gozag Ym Sagoz the Greedy
  3826 | D:5      | Slain by an ice beast

Illustrated notes

Levels and vault maps discovered:
D:1:      lightli_arrival_statuegarden, layout_basic,
          hellmonk_ecumenical_altar_run_dry, minmay_misc_feat_cross
D:2:      layout_rooms, serial_curves, eino_curves_03, eino_curves_02,
          minmay_vboxes
D:3:      layout_rooms, elyvilon_altar_4
D:4:      layout_loops_ring
D:5:      layout_rooms, grunt_temple_overflow_champion_of_chaos,
          minmay_temple_entry_nine_rooms
Temple:   nicolae_temple_x_marks_the_god

Skill      XL: |  1  2  3  4  5  6 |
---------------+-------------------+-----
Throwing       | 1 2 |  2.4
Axes           | 2 |  2.9
Dodging        | 1 2 |  2.1
Evocations     | 1 2 |  2.1
Fighting       | 4 |  4.4
Shields        | 4 |  4.4
Armour         | 4 |  4.4

Action                   |  1- 3 |  4- 6 |  7- 9 || total
-------------------------+-------+-------+-------++-------
Melee: War axe           |   138 |   109 |    10 ||   257
Throw: Dart              |       |     3 |     3 ||     6
Evoke: Wand              |       |     1 |       ||     1
  Use: Scroll            |       |    12 |       ||    12
Armor: Scale mail        |    31 |       |       ||    31
       Plate armour      |    90 |    75 |     7 ||   172
Dodge: Dodged            |    74 |    27 |     2 ||   103
Block: Buckler           |    36 |    27 |     1 ||    64
